 Dungeon Crawl Stone Soup version 0.30.1-4-g462c640d31 (webtiles) character file.

Game seed: 16764826374250555865

17 BillyBaka the Shooter (level 2, 0/18 HPs)
             Began as a Kobold Hunter on Sept 14, 2023.
             Slain by Natasha (1 damage)
             ... on level 2 of the Dungeon.
             The game lasted 00:03:18 (771 turns).

BillyBaka the Shooter (Kobold Hunter)                Turns: 771, Time: 00:03:18

Health: 0/18       AC:  3    Str:  8    XL:     2   Next: 80%
Magic:  2/2        EV: 14    Int: 10    God:
Gold:   72         SH:  0    Dex: 18    Spells: 1/1 levels left

rFire   + . .        b - +0 short sword
rCold   + . .        (no shield)
rNeg    . . .        c - +0 leather armour
rPois   +            (no helmet)
rElec   +            (no cloak)
rCorr   +            (no gloves)
SInv    .            (no boots)
Will    .....        (no amulet)
Stlth   +++          (no ring)
HPRegen 0.23/turn    (no ring)
MPRegen 0.08/turn

%: no passive effects
@: resistant
A: small, no large weapons, nightstalker 3
a: no special abilities


You were on level 2 of the Dungeon.
You visited 1 branch of the dungeon, and saw 2 of its levels.

You collected 72 gold pieces.

Inventory:

Hand Weapons
 a - a +0 shortbow
 b - a +0 short sword (weapon)
Armour
 c - a +0 leather armour (worn)
Scrolls
 d - a scroll of immolation
 e - a scroll of fog {unknown}
 h - 2 scrolls of poison {unknown}
 i - a scroll of identify {unknown}
Potions
 f - a potion of lignification {unknown}
 g - a potion of might {unknown}
 j - a potion of resistance


   Skills:
 + Level 2.4 Fighting
 + Level 1.0 Short Blades
 + Level 5.5 Ranged Weapons
 + Level 2.7 Dodging
 + Level 2.1 Stealth


You had one spell level left.
You didn't know any spells.
Your spell library was empty.

Dungeon Overview and Level Annotations

Branches:
Dungeon (2/15)

Altars:

Annotations:
D:2 Natasha


Innate Abilities, Weirdness & Mutations

You are small and have problems with some larger weapons.
You are completely attuned to the shadows.


Message History

You shoot an arrow. The arrow hits the goblin.
You kill the goblin!
You see here a +0 club.
Found a stone staircase leading down.
A rat comes into view.
You shoot an arrow. The arrow barely misses the rat.
You shoot an arrow.
The arrow hits the rat but does no damage.
The rat barely misses you.
You shoot an arrow. The arrow hits the rat!
You kill the rat!
You see here 5 stones.
Done exploring.
Search for what [? for help]? .
There is an open door here.
There is a stone staircase leading down here.
You climb downwards.
There is a stone staircase leading up here.
You now have 72 gold pieces (gained 6).
Found a spear.
Natasha, Servant of Life and Death comes into view.
Natasha hisses angrily.
Natasha stares at you and mumbles some strange words.
The magic dart hits you!
Ouch! That really hurt!
Okay, then.
Okay, then.
Okay, then.
You are too injured to fight recklessly!
It was a potion of resistance.
You feel protected.
Fire: a) +0 shortbow
Press: ? - help, Q - select action Shift-Dir - straight line, f - Natasha
Aim: Natasha (58% to hit)
You shoot an arrow. The arrow barely misses Natasha.
b - a +0 short sword (weapon)
Natasha claws you!
* * * LOW HITPOINT WARNING * * *
You hit Natasha but do no damage. Natasha claws you.
You die...

.#..####
.......#
#..)..##
###.h....
....@....
####.#...
#.# .#
#.#..#
#.#..###
#.#....
#.#..###
#..<....
###..###


You could see Natasha.

Vanquished Creatures
  A ball python (D:1)
  2 endoplasms (D:1)
  5 goblins (D:1)
  4 kobolds (D:1)
  A quokka (D:1)
  3 rats (D:1)
16 creatures vanquished.

Notes
Turn   | Place    | Note
-------+----------+-------------------------------------------
     0 | D:1      | BillyBaka the Kobold Hunter began the quest for the Orb.
     0 | D:1      | Reached XP level 1. HP: 12/12 MP: 1/1
   109 | D:1      | Reached XP level 2. HP: 18/18 MP: 2/2
   456 | D:1      | Reached skill level 1 in Short Blades
   767 | D:2      | Noticed Natasha
   771 | D:2      | Slain by Natasha

Illustrated notes

Levels and vault maps discovered:
D:1:      wander_arrival_desolate, layout_basic
D:2:      layout_loops_ring, chequers_serial_rivers_small_b, minmay_cut_off,
          uniq_natasha

Skill      XL: |  1  2 |
---------------+-------+-----
Stealth        | 2 |  2.1
Short Blades   | 1 |  1.0
Fighting       | |  2.4
Ranged Weapons | |  5.5
Dodging        | |  2.7

Action                     || total
---------------------------++-------
  Melee: Short sword       ||     1
   Fire: Shortbow          ||    28
    Use: Potion            ||     1
  Dodge: Dodged            ||     3
